 Dungeon Crawl Stone Soup version 0.13.1-17-g0f9d4ff (webtiles) character file.

261 Chiseanne the Practitioner (level 4, 0/37 HPs)
             Began as a Centaur Healer on Dec 16, 2013.
             Was a Believer of Elyvilon.
             Slain by an orc
             ... wielding a +0,+0 lajatang
              (4 damage)
             ... on Level 3 of the Dungeon.
             The game lasted 00:10:09 (2783 turns).

Chiseanne the Practitioner (Centaur Healer)         Turns: 2783, Time: 00:10:09

HP   0/37        AC 12     Str 15      XL: 4   Next:  7%
MP   1/7         EV  3     Int 11      God: Elyvilon [**....]
Gold 189         SH 14     Dex  9      Spells:  0 memorised,  3 levels left

Res.Fire  : . . .   See Invis. : .   p - -2,-3 elf short sword (curse)
Res.Cold  : . . .   Warding    : .   o - +3 dwarf scale mail (curse)
Life Prot.: . . .   Conserve   : .   i - +0 shield
Res.Poison: .       Res.Corr.  : .   (no helmet)
Res.Elec. : .       Clarity    : .   (no cloak)
Sust.Abil.: . .     Spirit.Shd : .   (no gloves)
Res.Mut.  : .       Stasis     : .   (no barding)
Res.Rott. : .       Flight     : .   (no amulet)
Saprovore : . . .                    (no ring)
                                     e - +3 ring of protection

@: very quick, slightly resistant to hostile enchantments, extremely unstealthy
A: hooves 3, deformed body, herbivore 1, speed 2, fast metabolism 1, tough skin
3
a: Lesser Healing, Lesser Self-Healing, Divine Protection, Purification,
Renounce Religion


You were on level 3 of the Dungeon.
You worshipped Elyvilon.
Elyvilon was pleased with you.
You were very hungry.

You visited 1 branch of the dungeon, and saw 3 of its levels.

You collected 89 gold pieces.

Inventory:

Hand weapons
 g - a +0,+0 short sword
 h - a +0,+0 dwarven war axe
 p - a cursed -2,-3 elven short sword (weapon)
Armour
 i - a +0 shield (worn)
 o - a cursed +3 dwarven scale mail (worn)
Magical devices
 n - a wand of flame (13)
Comestibles
 d - 3 bread rations
 k - 2 apples
Scrolls
 j - 2 scrolls of identify
Jewellery
 e - a +3 ring of protection (left hand)
Potions
 a - a potion of restore abilities {unknown}
 b - a potion of curing
 c - 2 potions of heal wounds
 f - a potion of paralysis {unknown}
 l - 2 potions of poison {unknown}
 m - a potion of invisibility {unknown}


   Skills:
 * Level 2.2 Fighting
 * Level 0.8 Armour
 * Level 2.1 Dodging
 * Level 0.5 Shields
 * Level 4.7 Invocations


You had 3 spell levels left.
You didn't know any spells.

Dungeon Overview and Level Annotations

Branches:
Dungeon (3/27)

Altars:
Okawaru
Vehumet
Xom
Jiyva


Innate Abilities, Weirdness & Mutations

You have hooves in place of feet.
Armour fits poorly on your strangely shaped body.
You digest meat inefficiently.
You cover ground very quickly.
You have a fast metabolism.
You have extremely tough skin (AC +3).


Message History

The orc hits you but does no damage.
You hit the orc but do no damage.
The giant gecko bites you but does no damage.
You block the orc's attack. The giant gecko bites you.
* * * LOW HITPOINT WARNING * * *
You hit the orc but do no damage. The orc barely misses you.
The giant gecko bites you but does no damage.
You hit the orc but do no damage.
The giant gecko bites you but does no damage.
The orc hits you but does no damage.
You hit the orc.
The orc is moderately wounded.
The giant gecko barely misses you. The orc hits you with a lajatang.
* * * LOW HITPOINT WARNING * * *
You block the giant gecko's attack.
You hit the orc. Your kick misses the orc.
The orc is severely wounded.
The giant gecko bites you but does no damage.
The orc hits you with a lajatang.
You die...

#.# #.# . #.# . ...
. #.# . #.# # #.#
### #l# #.o #@# #..
#o# #..
########.##########
#..
..................#
#..
########.#####....#
#.. #.# #....# #..
#.# #....# #.. #.#
###.## #.. #.# #.#
#%#


You could see an orc and a giant gecko.

Vanquished Creatures
  A worm (D:2)
  An ooze (D:1)
  2 orcs (D:3)
  A ball python (D:1)
  4 goblins (D:1)
  8 hobgoblins
  A jackal (D:3)
  3 bats
  3 giant geckos
  A giant newt (D:3)
  10 kobolds
  3 rats
38 creatures vanquished.

Vanquished Creatures (others)
  An adder (D:3)
  A worm (D:3)
  2 bats
  A goblin (D:2)
  3 jackals (D:3)
  A quokka (D:3)
9 creatures vanquished.

Grand Total: 47 creatures vanquished

Notes
Turn   | Place    | Note
--------------------------------------------------------------
     0 | D:1      | Chiseanne, the Centaur Healer, began the quest for the Orb.
     0 | D:1      | Reached XP level 1. HP: 17/17 MP: 2/2
   333 | D:1      | Found a viscous altar of Jiyva.
   333 | D:1      | Noticed a jelly
   333 | D:1      | Noticed a brown ooze
   333 | D:1      | Noticed a giant amoeba
   333 | D:1      | Noticed a jelly
   333 | D:1      | Noticed a jelly
   335 | D:1      | Noticed a jelly
   528 | D:1      | Noticed a jelly
   573 | D:1      | Reached XP level 2. HP: 24/24 MP: 4/4
  1301 | D:2      | Reached XP level 3. HP: 25/29 MP: 4/6
  1585 | D:2      | Found a radiant altar of Vehumet.
  1843 | D:2      | Found a shimmering altar of Xom.
  1845 | D:2      | Found an iron altar of Okawaru.
  2585 | D:3      | Reached XP level 4. HP: 21/37 MP: 7/7
  2783 | D:3      | Slain by an orc

Action                   |  1- 3 |  4- 6 || total
-------------------------+-------+-------++-------
Melee: Short sword       |   148 |    41 ||   189
       Club              |     2 |       ||     2
       Unarmed           |     1 |       ||     1
Invok: Lesser Healing    |    15 |     7 ||    22
  Use: Scroll            |     7 |     3 ||    10
